 Dungeon Crawl Stone Soup version 0.28.0-53-g5a82cb258f (webtiles) character file.

Game seed: 9101256054918011215

30617 unlimited1921 the Thaumaturge (level 13, -10/81 HPs)
             Began as a Djinni Fire Elementalist on June 18, 2022.
             Was an Initiate of Gozag.
             Shot with an arrow by a centaur warrior (12 damage)
             ... on level 13 of the Dungeon.
             The game lasted 02:04:28 (19488 turns).

unlimited1921 the Thaumaturge (DjFE)               Turns: 19488, Time: 02:04:29

Health: -10/81     AC: 15    Str:  7    XL:     13   Next: 90%
Gold:   951        EV: 10    Int: 22    God:    Gozag SH: 12 Dex: 18

rFire   + + +      SeeInvis .   o - +8 double sword "Toke Sab" {vorpal, *Slow rElec rPois}
rCold   . . .      Faith    .   N - +1 kite shield {AC+3}
rNeg    + . .      Spirit   .   s - +2 ring mail of Inviolability {rCorr Dex+4 Slay+5}
rPois   ∞          Reflect  .   (no helmet)
rElec   +          Harm     .   J - +1 cloak
rCorr   +          Rampage  .   I - +0 pair of gloves
Will    ++...                   (boots unavailable)
Stlth   ++........              Q - amulet of regeneration
HPRegen 1.03/turn               i - ring of positive energy
MPRegen 0.00/turn               X - ring of willpower

@: resistant, flying, invisible
A: sickness immunity, fire resistance 2, cold vulnerability 1, float, innate
caster, HP casting, extra vitality 1, mutation resistance 1
a: Renounce Religion, Potion Petition, Call Merchant, Bribe Branch


You were on level 13 of the Dungeon.
You worshipped Gozag.
Gozag was pleased with you.
You visited 2 branches of the dungeon, and saw 16 of its levels.

You collected 3543 gold pieces.
You spent 1080 gold pieces at shops.
You paid 1512 gold pieces to Gozag.

Inventory:

Hand Weapons
 o - the +8 double sword "Toke Sab" (weapon) {vorpal, *Slow rElec rPois}
   (You took it off a death knight on level 11 of the Dungeon)

   It inflicts extra damage upon your enemies.
   rElec:     It insulates you from electricity.
   rPois:     It protects you from poison.
   *Slow:     It may slow you when you take damage.
 q - a +3 hand axe of venom
 E - the +6 dagger of Uvuesorgh {flame, Dex+5}
   (You found it on level 5 of the Dungeon)

   It burns those it strikes, dealing additional fire damage.
   Dex:       It affects your dexterity (+5).
 F - a +3 dire flail
Missiles
 d - 313 stones
 l - 27 poisoned darts (quivered)
 m - 7 boomerangs
 r - 3 silver boomerangs
 K - 4 throwing nets
 L - 4 atropa-tipped darts
Armour
 s - the +2 ring mail of Inviolability (worn) {rCorr Dex+4 Slay+5}
   (You bought it in a shop on level 11 of the Dungeon)

   Dex:       It affects your dexterity (+4).
   Slay:      It affects your accuracy & damage with ranged weapons and melee
   (+5).
   rCorr:     It protects you from acid and corrosion.
 I - a +0 pair of gloves (worn)
 J - a +1 cloak (worn)
 M - the +1 scale mail of Veexahah {Int+3}
   (You found it on level 7 of the Dungeon)

   Int:       It affects your intelligence (+3).
 N - a +1 kite shield of protection (worn)
Jewellery
 b - a ring of resist corrosion
 i - a ring of positive energy (left hand)
 Q - an amulet of regeneration (around neck)
 R - a ring of protection from cold
 X - a ring of willpower (right hand)
Wands
 c - a wand of polymorph (4)
 w - a wand of acid (18)
 O - a wand of digging (1)
 S - a wand of iceblast (8)
 V - a wand of flame (13)
Scrolls
 h - a scroll of summoning {unknown}
 j - a scroll of blinking {unknown}
 k - a scroll of fog
 p - a scroll of fear {unknown}
 u - 3 scrolls of teleportation
 v - a scroll of magic mapping
 x - a scroll of torment
 A - a scroll of enchant weapon {unknown}
 H - a scroll of brand weapon {unknown}
 W - a scroll of immolation {unknown}
Potions
 a - a potion of ambrosia
 e - 3 potions of curing
 g - a potion of resistance {unknown}
 n - a potion of attraction {unknown}
 t - a potion of cancellation {unknown}
 B - a potion of heal wounds {unknown}
 C - 2 potions of lignification
 G - a potion of haste
 P - a potion of brilliance {unknown}
 T - 2 potions of might
Miscellaneous
 f - a piece from Xom's chessboard (15/15)


   Skills:
 + Level 3.0 Fighting
 - Level 0.9 Long Blades
 + Level 1.8 Throwing
 + Level 8.4 Armour
 + Level 4.8 Dodging
 + Level 3.5 Stealth
 + Level 7.0 Shields
 + Level 14.6 Spellcasting
 + Level 0.1 Evocations


You had 11 spell levels left.
You knew the following spells:

 Your Spells              Type           Power      Damage    Failure   Level
a - Foxfire               Conj/Fire      100%       2x1d9     1%          1
b - Scorch                Fire           100%       2d10      1%          2
c - Conjure Flame         Conj/Fire      69%        6-21      1%          3
d - Inner Flame           Hex/Fire       69%        N/A       1%          3
e - Flame Wave            Conj/Fire      69%        2d13      1%          4
f - Shock                 Conj/Air       100%       1d9       1%          1
g - Static Discharge      Conj/Air       69%        N/A       1%          2
h - Corpse Rot            Necr/Air       100%       N/A       1%          2
i - Ozocubu's Armour      Ice            69%        N/A       1%          3
j - Sticky Flame          Conj/Fire      69%        2d8       1%          4
k - Yara's Violent Unrav  Hex/Tmut       34%        3d14      1%          5
Your spell library was empty.

Dungeon Overview and Level Annotations

Branches:
Dungeon (15/15)            Temple (1/1) D:5            Lair (0/6) D:10
    Orc (0/2) D:11         Vaults (0/5) D:13
 Depths: D:15

Altars:
Ashenzari
Cheibriados
Dithmenos
Elyvilon
Fedhas
Gozag
Hepliaklqana
Kikubaaqudgha
Makhleb
Nemelex Xobeh
Okawaru
Qazlal
Ru
Sif Muna
Trog
Uskayaw
Vehumet
Wu Jian
Xom
Yredelemnul
Zin
The Shining One
Ignis

Shops:
D:1 (   D:7 (   D:11 [


Innate Abilities, Weirdness & Mutations

You are immune to sickness and miasma.
You are immune to poison.
Your flesh is very heat resistant. (rF++)
You are vulnerable to cold. (rC-)
You float through the air rather than walking.
You learn spells naturally, not from books.
Your magical power is your life essence.
You have superior vitality. (+4 MHP)
You are somewhat resistant to further mutation.


Message History

* * * LOW HITPOINT WARNING * * *
Casting: Foxfire (safe; 1% risk of failure)
Confirm with . or Enter, or press ? or * to list all spells.
You conjure some foxfire!
* * * LOW HITPOINT WARNING * * *
The foxfire hits the centaur warrior but does no damage.
The centaur warrior is heavily wounded.
The centaur warrior shoots an arrow.
The arrow hits you!!
* * * LOW HITPOINT WARNING * * *
The centaur warrior shoots an arrow.
You block the arrow. [a] - 440 gold - haste and resistance [b] - 392 gold - haste and brilliance [c] - 378 gold - resistance and invisibility Purchase which effect? [a] - 440 gold - haste and resistance [b] - 392 gold - haste and brilliance [c] - 378 gold - resistance and invisibility Purchase which effect? [a] - 440 gold - haste and resistance [b] - 392 gold - haste and brilliance [c] - 378 gold - resistance and invisibility Purchase which effect? [a] - 440 gold - haste and resistance [b] - 392 gold - haste and brilliance [c] - 378 gold - resistance and invisibility Purchase which effect? [a] - 440 gold - haste and resistance [b] - 392 gold - haste and brilliance [c] - 378 gold - resistance and invisibility Purchase which effect? [a] - 440 gold - haste and resistance [b] - 392 gold - haste and brilliance [c] - 378 gold - resistance and invisibility Purchase which effect?
You feel protected.
You fade into invisibility!
The foxfire hits the centaur warrior.
The centaur warrior is heavily wounded.
The centaur warrior shoots an arrow.
The arrow hits you!
You die...
Your body crumbles into a pile of gold.

### ### ### #.# #.# #.#
#.# #.# #.# #.# #.# #.#
#.# #.# #.# ###.#
#.######.# .[).#
#...c.§§§#
###.#####.######@########
#.).)).)# #v§......#
#)#####.# #v######## #)#
#.# #.# #.# #.######.#
#.# #........#
#.#####........#
#..............#
#.#####........#


You could see a centaur warrior (ally target).

Vanquished Creatures
  8 vault guards (D:13)
  Harold (D:8)
  2 boulder beetles
  3 hydras
  3 centaur warriors
  2 death knights
  A tengu warrior (D:11)
  2 two-headed ogres (D:12)
  An orc sorcerer (D:11)
  2 ugly things
  5 cyclopes
  A manticore (D:11)
  6 centaur zombies
  Joseph (D:8)
  Maurice (D:8)
  2 gargoyles
  Psyche (D:8)
  An unseen horror (D:11)
  2 komodo dragons (D:11)
  A troll (D:12)
  A hornet (D:10)
  A meliai zombie (D:11)
  A slime creature (D:11)
  A wraith (D:11)
  2 shadows (D:11)
  7 wyverns
  16 yaks
  A basilisk (D:11)
  A redback (shapeshifter) (D:15)
  A steam dragon (D:9)
  5 vampire mosquitoes
  An acid dragon (D:12)
  Edmund (D:6)
  5 water moccasins
  3 orc warriors
  A black bear (D:4)
  2 sky beasts
  An ice beast (D:4)
  3 necrophages
  2 ogres
  2 centaurs
  2 phantoms
  3 kobold brigands
  3 bullfrogs
  2 scorpions
  A gnoll sergeant (D:7)
  A water moccasin skeleton (D:5)
  2 troll zombies (D:11)
  8 wights (D:6)
  4 howler monkeys
  A hound (D:5)
  6 orc priests
  Jessica (D:2)
  3 bullfrog skeletons
  5 iguanas
  8 orc wizards
  4 ogre zombies (D:11)
  A hound skeleton (D:4)
  4 gnolls (D:7)
  4 adders
  A shadow imp (D:8)
  4 white imps
  2 dart slugs
  33 orcs
  3 endoplasms
  3 giant cockroaches
  5 goblins
  2 hobgoblins
  5 jackals
  2 quokkas
  12 ball pythons
  7 bats
  7 frilled lizards
  2 goblin skeletons (D:11)
  A goblin zombie (D:11)
  A hobgoblin skeleton (D:11)
  3 hobgoblin zombies (D:11)
  25 kobolds
  2 orc skeletons (D:11)
  10 orc zombies (D:11)
  7 rats
  4 bushes (D:10)
308 creatures vanquished.

Vanquished Creatures (others)
  A bush (D:10)
  A butterfly (D:10)
  709 foxfires
  A fungus (D:10)
  29 plants
741 creatures vanquished.

Grand Total: 1049 creatures vanquished

Notes
Turn   | Place    | Note
-------+----------+-------------------------------------------
     0 | D:1      | unlimited1921 the Djinni Fire Elementalist began the quest
                  | for the Orb.
     0 | D:1      | Reached XP level 1. HP: 15/15 MP: 0/0
   142 | D:1      | Found Naopefam's Antique Weapon Shoppe.
   590 | D:1      | Reached XP level 2. HP: 17/21 MP: 0/0
  1292 | D:1      | Got Sif Muna's Tome of Confrontation and Summoning
  1691 | D:1      | Found a faded altar of an unknown god.
  1748 | D:1      | Reached XP level 3. HP: 23/25 MP: 0/0
  1748 | D:1      | Learned a level 1 spell: Shock
  1870 | D:1      | Reached skill level 3 in Spellcasting
  2657 | D:2      | Noticed Jessica
  2667 | D:2      | Killed Jessica
  2668 | D:2      | Reached XP level 4. HP: 20/31 MP: 0/0
  4630 | D:3      | Reached XP level 5. HP: 24/35 MP: 0/0
  4630 | D:3      | Learned a level 2 spell: Static Discharge
  4637 | D:3      | Reached skill level 4 in Spellcasting
  5810 | D:4      | Noticed a black bear
  5815 | D:4      | Killed a black bear
  5815 | D:4      | Noticed an ogre
  5816 | D:4      | Reached XP level 6. HP: 18/40 MP: 0/0
  5825 | D:4      | Killed an ogre
  5826 | D:4      | Reached skill level 1 in Armour
  5826 | D:4      | Reached skill level 5 in Spellcasting
  6137 | D:4      | Noticed a necrophage
  6147 | D:4      | Killed a necrophage
  6148 | D:4      | Reached XP level 7. HP: 30/45 MP: 0/0
  6148 | D:4      | Learned a level 2 spell: Corpse Rot
  6469 | D:4      | Identified the +2 helmet of Tanu Xuzxu {-Cast rElec Dex+5
                  | Stlth+}
  6733 | D:5      | Entered Level 5 of the Dungeon
  6741 | D:5      | Noticed a wyvern
  6748 | D:5      | Killed a wyvern
  6854 | D:5      | Reached XP level 8. HP: 45/50 MP: 0/0
  6858 | D:5      | Reached skill level 6 in Spellcasting
  7304 | D:5      | Found a staircase to the Ecumenical Temple.
  7322 | D:5      | Identified the +6 dagger of Uvuesorgh {flame, Dex+5}
  7337 | Temple   | Entered the Ecumenical Temple
  7372 | Temple   | Became a worshipper of Gozag Ym Sagoz the Greedy
  7485 | D:5      | Found a glowing silver altar of Zin.
  7530 | D:5      | Found a sparkling altar of Nemelex Xobeh.
  7555 | D:5      | Found a bloodstained altar of Trog.
  7641 | D:6      | Reached skill level 7 in Spellcasting
  7653 | D:6      | Reached XP level 9. HP: 23/55 MP: 0/0
  7653 | D:6      | Learned a level 3 spell: Ozocubu's Armour
  8037 | D:6      | Reached skill level 8 in Spellcasting
  8919 | D:6      | Noticed Edmund
  8923 | D:6      | Killed Edmund
  9070 | D:6      | Found an iron altar of Okawaru.
  9587 | D:6      | Reached skill level 9 in Spellcasting
  9896 | D:7      | Reached XP level 10. HP: 35/61 MP: 0/0
 10129 | D:7      | Found a blossoming altar of Fedhas.
 10261 | D:7      | Noticed a gargoyle
 10274 | D:7      | Killed a gargoyle
 10497 | D:7      | Found a snail-covered altar of Cheibriados.
 10816 | D:7      | Identified the +1 scale mail of Veexahah {Int+3}
 10817 | D:7      | Found Pih Hostroci's Weapon Shop.
 11298 | D:8      | Noticed Harold
 11302 | D:8      | Noticed Joseph
 11306 | D:8      | Killed Harold
 11307 | D:8      | Reached skill level 1 in Shields
 11307 | D:8      | Reached skill level 10 in Spellcasting
 11433 | D:8      | Killed Joseph
 11954 | D:8      | Noticed Psyche
 11964 | D:8      | Killed Psyche
 12314 | D:8      | Noticed Maurice
 12321 | D:8      | Killed Maurice
 12322 | D:8      | Reached skill level 5 in Armour
 12449 | D:9      | Reached XP level 11. HP: 37/66 MP: 0/0
 12449 | D:9      | Learned a level 4 spell: Sticky Flame
 12594 | D:10     | Entered Level 10 of the Dungeon
 12614 | D:10     | Reached skill level 11 in Spellcasting
 12729 | D:10     | Found a stormy altar of Qazlal.
 12795 | D:10     | Found a white marble altar of Elyvilon.
 13293 | D:10     | Found a staircase to the Lair.
 14415 | D:11     | Noticed an orc sorcerer
 14421 | D:11     | Killed an orc sorcerer
 14433 | D:11     | Reached skill level 12 in Spellcasting
 15355 | D:11     | Noticed a four-headed hydra
 15373 | D:11     | Killed a four-headed hydra
 15374 | D:11     | Reached XP level 12. HP: 66/71 MP: 0/0
 15558 | D:11     | Reached skill level 5 in Shields
 15774 | D:11     | Found Runemume's Armour Shoppe.
 15778 | D:11     | Noticed a tengu warrior
 15780 | D:11     | Identified the +8 double sword "Toke Sab" {vorpal, *Slow
                  | rElec rPois}
 15780 | D:11     | Noticed a death knight
 16014 | D:11     | Killed a death knight
 16015 | D:11     | Reached skill level 1 in Fighting
 16076 | D:11     | Killed a tengu warrior
 16496 | D:11     | Reached skill level 13 in Spellcasting
 16630 | D:11     | Identified the +1 ring mail of Hepliaklqana's Regard {MP+9
                  | Dex+3}
 16659 | D:11     | Bought the +2 ring mail of Inviolability {rCorr Dex+4
                  | Slay+5} for 896 gold pieces
 16659 | D:11     | Bought a +1 cloak for 184 gold pieces
 17073 | D:11     | Found a staircase to the Orcish Mines.
 17706 | D:12     | Noticed a two-headed ogre
 17713 | D:12     | Killed a two-headed ogre
 17809 | D:11     | Identified a scroll of acquirement
 17811 | D:11     | Gained mutation: You do not regenerate when monsters are
                  | visible. [potion of mutation]
 17812 | D:11     | Lost mutation: You do not regenerate when monsters are
                  | visible. [potion of mutation]
 17812 | D:11     | Gained mutation: You are clumsy. (Dex -2) [potion of
                  | mutation]
 17812 | D:11     | Gained mutation: You sometimes lose the ability to read
                  | scrolls when taking damage. [potion of mutation]
 17812 | D:11     | Lost mutation: You are clumsy. (Dex -2) [potion of
                  | mutation]
 17813 | D:11     | Lost mutation: You sometimes lose the ability to read
                  | scrolls when taking damage. [potion of mutation]
 17813 | D:11     | Gained mutation: You are robust. (+10% HP) [potion of
                  | mutation]
 17813 | D:11     | Lost mutation: You are robust. (+10% HP) [potion of
                  | mutation]
 17813 | D:11     | Gained mutation: You are somewhat resistant to further
                  | mutation. [potion of mutation]
 17903 | D:12     | Acquired 983 gold pieces
 17996 | D:12     | Reached XP level 13. HP: 72/78 MP: 0/0
 17996 | D:12     | Learned a level 5 spell: Yara's Violent Unravelling
 18031 | D:12     | Noticed a seven-headed hydra
 18039 | D:12     | Killed a seven-headed hydra
 18358 | D:12     | Noticed a boulder beetle
 18368 | D:12     | Killed a boulder beetle
 18779 | D:12     | You are sucked into a shaft and drop 3 floors!
 18779 | D:15     | Entered Level 15 of the Dungeon
 18848 | D:15     | Noticed a centaur warrior
 18860 | D:15     | Killed a centaur warrior
 18861 | D:15     | Reached skill level 1 in Throwing
 18974 | D:14     | Noticed a centaur warrior
 18979 | D:14     | Noticed a boulder beetle
 18981 | D:14     | Killed a centaur warrior
 18982 | D:14     | Reached skill level 14 in Spellcasting
 18987 | D:14     | HP: 3/80 [boulder beetle (48)]
 18991 | D:14     | Noticed a centaur warrior
 19017 | D:13     | Killed a boulder beetle
 19025 | D:13     | Noticed a vault guard
 19029 | D:13     | Noticed a vault guard
 19033 | D:13     | Noticed a vault guard
 19038 | D:13     | Noticed a vault guard
 19045 | D:13     | Killed a vault guard
 19048 | D:13     | Noticed a six-headed hydra
 19050 | D:13     | Noticed a vault guard
 19053 | D:13     | Killed a vault guard
 19053 | D:13     | Killed a six-headed hydra
 19056 | D:13     | Noticed a centaur warrior
 19058 | D:13     | Noticed a vault guard
 19062 | D:13     | Killed a vault guard
 19103 | D:13     | Found a gate to the Vaults.
 19130 | D:13     | Noticed a vault guard
 19166 | D:13     | Killed a vault guard
 19251 | D:13     | Killed a vault guard
 19253 | D:13     | Killed a centaur warrior
 19260 | D:13     | Killed a vault guard
 19333 | D:13     | Noticed a vault guard
 19342 | D:13     | Killed a vault guard
 19443 | D:13     | Noticed a centaur warrior
 19457 | D:13     | Killed a vault guard
 19487 | D:13     | HP: 1/81 [centaur warrior/arrow (20)]
 19488 | D:13     | Shot with an arrow by a centaur warrior

Illustrated notes

Levels and vault maps discovered:
D:1:      scummos_arrival_star, layout_basic, serial_shops, shop,
          nicolae_ecumenical_snake_handling, lexackson_kobold_supper
D:2:      layout_rooms, basic_altar, uniq_jessica
D:3:      mumra_celtic_spiral_tile, layout_rooms, kennysheep_decorative_pillar
D:4:      layout_rooms
D:5:      layout_rooms, overflow_temple_1_default,
          nicolae_overflow_hidden_temple, minmay_temple_entry_drinking_statues
D:6:      layout_loops_cross, kennysheep_mini, st_stairs_7, uniq_edmund
D:7:      layout_basic, cheibriados_altar_1,
          mainiacjoe_overflow_small_starburst, serial_shops,
          nicolae_shop_bloodbath_and_beyond
D:8:      layout_basic, uniq_harold, uniq_maurice, uniq_joseph, uniq_psyche
D:9:      layout_basic
D:10:     layout_rooms, nicolae_elyvilon_peaceful_grove,
          nicolae_qazlal_eye_of_the_storm, minmay_lair_entry_grove,
          minmay_misc_feat_cross
D:11:     layout_basic, zombieorc1_lemuel, serial_shops, shop,
          minmay_the_grid_square_5x5_3x3_mashed
          [minmay_the_grid_square_5x5_bite,
          minmay_the_grid_square_5x5_broken_cross,
          minmay_the_grid_square_5x5_two, minmay_the_grid_square_5x5_plus,
          minmay_the_grid_square_5x5_megaprize_diamond,
          minmay_the_grid_square_5x5_tetrominoes,
          minmay_the_grid_square_5x5_spiral_small,
          minmay_the_grid_square_5x5_bridge,
          minmay_the_grid_square_5x5_checkered_statues]
D:12:     layout_gridville
D:13:     layout_small_grid, erik_vaults_2, enter_trove_2
D:14:     layout_loops_cross, serial_park_gazebo [serial_park_minivault_5x5_6]
D:15:     hangedman_depths_entry_civil_slaughter, layout_loops_cross
Temple:   ebering_untended_altars

Skill      XL: |  1  2  3  4  5  6  7  8  9 10 11 12 13 |
---------------+----------------------------------------+-----
Spellcasting   | 3 4 5 7 9 10 12 13 14 | 14.6
Stealth        | 2 3 |  3.5
Armour         | 1 2 3 4 5 6 8 |  8.4
Dodging        | 3 4 |  4.8
Shields        | 3 4 6 7 |  7.0
Fighting       | 2 3 |  3.0
Throwing       | 1 |  1.8
Long Blades    | |  0.9
Evocations     | |  0.1

Action                   |  1- 3 |  4- 6 |  7- 9 | 10-12 | 13-15 || total
-------------------------+-------+-------+-------+-------+-------++-------
Melee: Dagger            |       |       |       |     2 |       ||     2
       Double sword      |       |       |       |    46 |    14 ||    60
Throw: Boomerang         |       |     4 |       |       |       ||     4
       Dart              |       |       |       |       |    10 ||    10
 Cast: Foxfire           |    49 |    58 |    58 |   237 |    34 ||   436
       Scorch            |     8 |    12 |    35 |   116 |    34 ||   205
       Shock             |     6 |     4 |       |       |       ||    10
       Inner Flame       |       |    15 |    34 |   104 |    26 ||   179
       Ozocubu's Armour  |       |       |     1 |     8 |     5 ||    14
       Flame Wave        |       |       |       |     2 |     3 ||     5
       Conjure Flame     |       |       |       |       |    10 ||    10
       Sticky Flame      |       |       |       |       |     2 ||     2
       Yara's Violent Un |       |       |       |       |     1 ||     1
Invok: Potion Petition   |       |       |       |       |     5 ||     5
Evoke: Wand              |       |       |       |       |     1 ||     1
  Use: Scroll            |       |       |       |    11 |     1 ||    12
       Potion            |       |       |       |     7 |     3 ||    10
Armor: Robe              |     2 |       |       |       |       ||     2
       Leather armour    |       |     2 |     6 |       |       ||     8
       Scale mail        |       |       |       |    60 |       ||    60
       Ring mail         |       |       |       |    21 |    20 ||    41
Dodge: Dodged            |     4 |     8 |    17 |    39 |    21 ||    89
Block: Kite shield       |       |       |       |    66 |    45 ||   111
